 Dungeon Crawl Stone Soup version 0.22-a0-322-g60b3cfd (webtiles) character file.

137 Serpenta the Cutter (level 5, -1/27 HPs)
             Began as a Deep Elf Chaos Knight on Apr 4, 2018.
             Slain by a fire bat (shapeshifter) (4 damage)
             ... on level 2 of the Dungeon.
             The game lasted 00:04:37 (2906 turns).

Serpenta the Cutter (Deep Elf Chaos Knight)         Turns: 2906, Time: 00:04:38

Health: -1/27      AC:  5    Str:  9    XL:     5   Next: 0%
Magic:  7/7        EV: 12    Int: 16    God:    Xom [.*....]
Gold:   96         SH:  0    Dex: 14    Spells: 4/4 levels left

rFire    . . .     SeeInvis .   a - +0 short sword (chaos)
rCold    . . .     Gourm    .   (no shield)
rNeg     . . .     Faith    .   b - +2 leather armour
rPois    .         Spirit   .   f - +0 helmet
rElec    .         Reflect  .   (no cloak)
rCorr    .         Harm     .   h - +0 pair of gloves
MR       .....                  (no boots)
Stlth    +.........             (no amulet)
HPRegen  0.09/turn              (no ring)
MPRegen  0.10/turn              (no ring)

@: no status effects
A: deformed body, dopey 1, frail 1
a: Renounce Religion


You were on level 2 of the Dungeon.
You worshipped Xom.
You were a plaything of Xom.
You were not hungry.

You visited 1 branch of the dungeon, and saw 3 of its levels.

You collected 96 gold pieces.


Innate Abilities, Weirdness & Mutations

Armour fits poorly on your strangely shaped body.
You are dopey. (Int -2)
You are frail. (-10% HP)


   Skills:
 - Level 2.4 Fighting
 + Level 5.7 Short Blades
 - Level 0.7 Armour
 - Level 2.4 Dodging


You had 4 spell levels left.
You didn't know any spells.

Action                   |  1- 3 |  4- 6 || total
-------------------------+-------+-------++-------
Melee: Short sword       |   151 |    47 ||   198
Throw: Javelin           |       |     2 ||     2
  Eat: Chunk             |     1 |     2 ||     3
       Ration            |     1 |       ||     1
Armor: Leather armour    |    56 |    11 ||    67
Dodge: Dodged            |    93 |    30 ||   123

Inventory:

Hand Weapons
 a - a +0 short sword of chaos (weapon)
Missiles
 d - 2 javelins (quivered)
Armour
 b - a +2 leather armour (worn)
 f - a +0 helmet (worn)
 h - a +0 pair of gloves (worn)
Scrolls
 i - a scroll of remove curse {unknown}
 j - a scroll of identify {unknown}
 k - a scroll of fog {unknown}
 l - a scroll of immolation {unknown}
 m - a scroll of teleportation {unknown}
Potions
 e - a potion of curing {unknown}
 g - 2 potions of lignification {unknown}
Comestibles
 c - 4 rations
 n - a chunk of flesh {@w1}

#.#.###....#.##..................
#.#.#......#.##.......##..#.###..
#.#.......................#.# #..
#.............##.###..###.#.# #..
#.#.###.......##......###.#.# #..
....###..........................
##<...........##(.##..###.#.###..
#######..##...##b........... ###
# #.........@§........... # #
#..........§.#..###.## #
#..##...#(...#..# # # # #..
#....#..# ### # #. #........ ...
.. %.....).... ... .
..........### ### ..........# #..
####


You could see a fire bat shaped shifter.

Vanquished Creatures
  2 gnolls
  2 adders (D:2)
  3 dart slugs
  2 leopard geckos
  2 ball pythons (D:2)
  6 bats
  2 giant cockroaches (D:2)
  6 goblins
  4 hobgoblins
  4 jackals (D:1)
  2 kobolds (D:1)
  2 quokkas (D:2)
  2 frilled lizards (D:1)
  6 rats
45 creatures vanquished.

Vanquished Creatures (collateral kills)
  A tengu (D:2)
  A gnoll (D:2)
2 creatures vanquished.

Vanquished Creatures (others)
  A gnoll (D:2)
1 creature vanquished.

Grand Total: 48 creatures vanquished

Vault maps used:
D:1:      minmay_arrival_wavy_path
D:2:      lemuel_crystal_altar, first_ration
D:3:      serial_bayou, serial_bayou_shore_a, serial_bayou_lagoon_b,
          serial_bayou_shore_b, serial_bayou_crossing, serial_bayou_shore_b,
          minmay_ogre_servants


Message History

The fire bat is severely wounded.
The fire bat closely misses you. The fire bat barely misses you.
Throwing (i - inventory)
d - 4 javelins (quivered)
Press: ? - help, Shift-Dir - straight line, f - fire bat
Aim: a fire bat shaped shifter (severely wounded)
You throw a javelin.
The javelin completely misses the fire bat.
The fire bat bites you.
You are engulfed in flames!
* * * LOW HITPOINT WARNING * * *
You barely miss the fire bat.
The fire bat is severely wounded.
The fire bat bites you but does no damage.
Throwing (i - inventory)
d - 3 javelins (quivered)
Press: ? - help, Shift-Dir - straight line, f/p - fire bat
Aim: a fire bat shaped shifter (severely wounded)
You throw a javelin.
The javelin closely misses the fire bat.
The fire bat bites you.
You die...
Xom thinks this is hilarious!

Notes
Turn   | Place    | Note
-------+----------+-------------------------------------------
     0 | D:1      | Serpenta the Deep Elf Chaos Knight began the quest for the Orb.
     0 | D:1      | Reached XP level 1. HP: 13/13 MP: 3/3
   231 | D:1      | Reached XP level 2. HP: 12/18 MP: 4/4
   387 | D:1      | Reached skill level 4 in Short Blades
   570 | D:1      | XOM: divination: detect items
   582 | D:1      | Reached XP level 3. HP: 22/22 MP: 5/5
   633 | D:1      | XOM: medium Conj miscast
   960 | D:1      | XOM: give mutation
   960 | D:1      | Gained mutation: You are frail. (-10% HP) [Xom's mischief]
  1058 | D:1      | XOM: medium Erth miscast
  1331 | D:2      | XOM: summons 1 hostile demon
  1456 | D:1      | XOM: medium Tloc miscast
  1457 | D:1      | Noticed a spatial vortex
  1741 | D:1      | XOM: mild Ice miscast
  1908 | D:2      | Noticed a tengu
  1908 | D:2      | a worm changed into a tengu
  1908 | D:2      | XOM: polymorph worm -> tengu
  2015 | D:2      | Reached skill level 5 in Short Blades
  2015 | D:2      | Reached XP level 4. HP: 22/24 MP: 6/6
  2047 | D:2      | XOM: medium Pois miscast
  2308 | D:1      | XOM: give mutations
  2308 | D:1      | Gained mutation: Armour fits poorly on your strangely shaped body. [Xom's mischief]
  2308 | D:1      | Gained mutation: You are dopey. (Int -2) [Xom's mischief]
  2341 | D:1      | XOM: harmless Conj miscast
  2508 | D:3      | XOM: summons 2 hostile demons
  2525 | D:2      | XOM: fake destruction
  2528 | D:2      | XOM: summons 4 friendly demons
  2542 | D:2      | Killed a tengu
  2669 | D:2      | XOM: scenery: 1 doors close
  2703 | D:2      | XOM: enchant monster (good)
  2833 | D:2      | Reached XP level 5. HP: 26/27 MP: 7/7
  2890 | D:2      | Noticed a fire bat
  2890 | D:2      | a worm changed into a fire bat
  2894 | D:2      | XOM: mild Ice miscast
  2899 | D:2      | XOM: smoke on damage
  2902 | D:2      | XOM: harmless Air miscast
  2906 | D:2      | Slain by a fire bat (shapeshifter)
